 Dungeon Crawl Stone Soup version 0.29-a0-194-g6e3aafee17 (webtiles) character file.

Game seed: 15055134062997125464

1102 bande the Chopper (level 8, -5/49 HPs)
             Began as a Gargoyle Fighter on Feb 23, 2022.
             Slain by an ogre
             ... wielding a +0 giant spiked club
              (12 damage)
             ... on level 6 of the Dungeon.
             The game lasted 00:10:56 (6516 turns).

bande the Chopper (Gargoyle Fighter)                Turns: 6516, Time: 00:10:56

Health: -5/49      AC: 17    Str: 21    XL:     8   Next: 32%
Magic:  8/8        EV:  7    Int:  8    God:
Gold:   406        SH:  5    Dex: 11    Spells: 7/7 levels left

rFire   . . .      SeeInvis .   a - +1 war axe
rCold   + . .      Faith    .   c - +0 buckler
rNeg    + . .      Spirit   .   j - +0 chain mail
rPois   ∞          Reflect  .   (no helmet)
rElec   +          Harm     .   (no cloak)
rCorr   +          Rampage  .   (no gloves)
Will    .....                   u - +1 pair of boots
Stlth   ..........              (no amulet)
HPRegen 0.16/turn               g - ring of resist corrosion
MPRegen 0.11/turn               y - ring of protection from cold

@: no status effects
A: sickness immunity, AC +5, negative energy resistance 1, electricity
resistance, torment resistance 1, petrification resistance
a: no special abilities


You were on level 6 of the Dungeon.
You visited 1 branch of the dungeon, and saw 6 of its levels.
You also visited: Sewer.

You collected 406 gold pieces.

Inventory:

Hand Weapons
 a - a +1 war axe (weapon)
 l - a +0 flail
Missiles
 f - 2 throwing nets (quivered)
Armour
 c - a +0 buckler (worn)
 j - a +0 chain mail (worn)
 u - a +1 pair of boots (worn)
Jewellery
 b - a ring of ice
 g - a ring of resist corrosion (left hand)
 o - a ring of positive energy
 y - a ring of protection from cold (right hand)
Wands
 p - a wand of polymorph (9)
 q - a wand of flame (5)
Scrolls
 i - a scroll of fear
 k - a scroll of teleportation
 m - 2 scrolls of summoning
 n - a scroll of silence
 s - a scroll of identify
 w - 2 scrolls of enchant weapon
Potions
 d - a potion of flight
 e - 10 potions of curing
 h - 4 potions of haste
 r - a potion of heal wounds
 t - a potion of cancellation {unknown}
 v - 2 potions of berserk rage
 x - a potion of mutation {unknown}


   Skills:
 + Level 5.0 Fighting
 + Level 6.1 Axes
 + Level 5.4 Armour
 - Level 0.2 Stealth
 + Level 4.4 Shields
 * Level 3.0 Evocations


You had 7 spell levels left.
You didn't know any spells.
Your spell library contained the following spells:

 Spells                   Type           Power      Damage    Failure   Level
 Static Discharge         Conj/Air       0%         N/A       100%        2
 Inner Flame              Hex/Fire       0%         N/A       100%        3
 Animate Dead             Necr           0%         N/A       100%        4
 Alistair's Intoxication  Tmut/Pois      0%         N/A       100%        5
 Lightning Bolt           Conj/Air       0%         1d11      100%        5
 Summon Mana Viper        Hex/Summ       0%         N/A       100%        5
 Haunt                    Necr/Summ      0%         N/A       100%        7
 Infestation              Necr           0%         N/A       100%        8
 Maxwell's Capacitive Co  Air            0%         ∞         100%        8


Dungeon Overview and Level Annotations

Branches:
Dungeon (6/15)              Sewer (visited)
 Temple: D:4-7

Altars:


Innate Abilities, Weirdness & Mutations

You are immune to sickness and miasma.
Your stone body is resilient. (AC +5)
You are immune to poison.
You resist negative energy. (rN+)
You are resistant to electric shocks. (rElec)
You are resistant to unholy torment.
You are immune to petrification.


Message History

The water moccasin skeleton bites you but does no damage.
You barely miss the water moccasin skeleton.
The water moccasin skeleton is moderately damaged.
The water moccasin skeleton bites you but does no damage.
You slash the water moccasin skeleton!
The water moccasin skeleton is heavily damaged.
The water moccasin skeleton bites you but does no damage.
You slash the water moccasin skeleton!
The water moccasin skeleton is almost destroyed.
The water moccasin skeleton bites you but does no damage.
The water moccasin skeleton barely misses you.
You hit the water moccasin skeleton.
You destroy the water moccasin skeleton!
Your Evocations skill increases to level 3!
No target in view!
No target in view!
No target in view!
No target in view!
No target in view!
No target in view!
y - a ring of protection from cold You're wearing all the rings you can.
Remove which one? (? for menu, Esc to cancel) < or
g - a ring of resist corrosion; > or
o - a ring of positive energy You remove your ring of positive energy.
y - a ring of protection from cold (right hand)
An ogre comes into view. It is wielding a +0 giant spiked club.
The ogre shouts!
An ogre is nearby!
You completely miss the ogre.
The ogre hits you with a +0 giant spiked club!
You hit the ogre but do no damage.
The ogre hits you with a +0 giant spiked club!!
You barely miss the ogre.
The ogre hits you with a +0 giant spiked club!
* * * LOW HITPOINT WARNING * * *
You slash the ogre!
The ogre is moderately wounded.
The ogre hits you with a +0 giant spiked club!
You die...

#.......# #.......#
#.......#
####+##########......#
........#...>##......#
........#....+.......##.
........#....#..O.......
.###.........###@.......
#...###...###...###...##
.....#.###.#.....# #.# #
#...#...#...#...#
#####...#...#####...#
#...#...#...# ..#
.....#.###.#. .##
#...###...###. .
.###.#.....# ## ..


You could see an ogre.

Vanquished Creatures
  A water moccasin (Sewer)
  A black bear (D:5)
  A sky beast (D:5)
  2 ogres
  A centaur (D:5)
  A water moccasin zombie (D:5)
  A water moccasin skeleton (D:6)
  A howler monkey (D:5)
  A bullfrog zombie (D:5)
  2 jellies (D:4)
  2 iguanas (D:5)
  An orc wizard (D:5)
  A killer bee zombie (D:5)
  A hound zombie (D:5)
  4 gnolls
  7 adders
  An ufetubus (D:6)
  An adder skeleton (D:4)
  2 worms (D:5)
  3 dart slugs
  15 orcs
  18 bats
  7 endoplasms
  2 giant cockroaches (D:1)
  5 goblins
  7 hobgoblins
  3 jackals (D:1)
  4 quokkas
  8 ball pythons
  5 frilled lizards
  7 kobolds
  6 rats
122 creatures vanquished.

Vanquished Creatures (others)
  2 plants (D:4)
2 creatures vanquished.

Grand Total: 124 creatures vanquished

Notes
Turn   | Place    | Note
-------+----------+-------------------------------------------
     0 | D:1      | bande the Gargoyle Fighter began the quest for the Orb.
     0 | D:1      | Reached XP level 1. HP: 14/14 MP: 1/1
    88 | D:1      | Reached XP level 2. HP: 19/19 MP: 2/2
   240 | D:1      | Reached skill level 2 in Axes
   488 | D:1      | Reached XP level 3. HP: 23/23 MP: 3/3
  1149 | D:2      | Found a faded altar of an unknown god.
  1346 | D:2      | Reached XP level 4. HP: 14/29 MP: 4/4
  1632 | D:2      | Got the Handbook of Ensnaring Poisoning
  2542 | D:3      | Reached skill level 3 in Axes
  2898 | D:4      | Reached XP level 5. HP: 21/33 MP: 5/5
  3693 | D:4      | Reached XP level 6. HP: 35/38 MP: 6/6
  3981 | D:5      | Entered Level 5 of the Dungeon
  4019 | D:5      | Reached skill level 4 in Axes
  4019 | D:5      | Reached skill level 1 in Evocations
  4063 | D:5      | Found a glowing drain.
  4086 | Sewer    | Entered a sewer
  4136 | Sewer    | Noticed a water moccasin
  4159 | Sewer    | Killed a water moccasin
  4660 | D:5      | Noticed a black bear
  4669 | D:5      | Killed a black bear
  4670 | D:5      | Reached XP level 7. HP: 41/44 MP: 7/7
  4672 | D:5      | Reached skill level 5 in Axes
  5231 | D:6      | HP: 2/44 [ogre/+0 giant club (25)]
  5234 | D:6      | Reached skill level 5 in Armour
  5996 | D:5      | Reached XP level 8. HP: 42/48 MP: 8/8
  6206 | D:5      | Reached skill level 6 in Axes
  6213 | D:5      | Reached skill level 5 in Fighting
  6516 | D:6      | Slain by an ogre

Illustrated notes

Levels and vault maps discovered:
D:1:      dpeg_arrival_long_road, layout_basic, minmay_misc_feat_chi,
          minmay_split_cup_large
D:2:      layout_basic, basic_ecumenical_altar
D:3:      layout_loops_ring, grunt_ministairs_12
D:4:      layout_rooms, grunt_decor_junction, nicolae_zen_rock_garden,
          serial_bayou_lake_a
D:5:      layout_basic, cheibrodos_sewer_entry_bend, kennysheep_generic_room_2
D:6:      nicolae_cairo_tiling, layout_gridville, chequers_serial_rivers_micro_a

Skill      XL: |  1  2  3  4  5  6  7  8 |
---------------+-------------------------+-----
Axes           | 2 3 4 5 6 |  6.1
Armour         | 4 5 |  5.4
Fighting       | 4 5 |  5.0
Evocations     | 1 2 3 |  3.0
Shields        | 4 |  4.4
Stealth        | |  0.2

Action                   |  1- 3 |  4- 6 |  7- 9 || total
-------------------------+-------+-------+-------++-------
Melee: War axe           |   120 |   179 |   106 ||   405
  Use: Scroll            |       |    14 |     2 ||    16
       Potion            |       |     1 |       ||     1
Armor: Scale mail        |    84 |    18 |       ||   102
       Chain mail        |       |   135 |   107 ||   242
Dodge: Dodged            |    70 |    86 |    57 ||   213
Block: Buckler           |    29 |    50 |    30 ||   109

Table legend: (Time is in decaauts)
 A = Elapsed time spent in this place.
 B = Non-inter-level travel time spent in this place.
 C = Inter-level travel time spent in this place.
 D = Time resting spent in this place.
 E = Time spent auto-exploring this place.
 F = Levels seen in this place.
 G = Mean time per level.
                   A        B        C        D        E       F      G
               +--------+--------+--------+--------+--------+-----+--------+
         Total |   6689 |   6675 |     14 |   2172 |   3249 |   7 |  955.6 |
       Dungeon |   6210 |   6196 |     14 |   1827 |   3226 |   6 | 1035.0 |
         Sewer |    479 |    479 |      0 |    345 |     23 |   1 |  479.0 |
               +--------+--------+--------+--------+--------+-----+--------+

Top non-repeatable levels by time:
     D:5: 1303 daAuts
     D:3: 1196 daAuts
     D:1: 1184 daAuts
     D:4: 984 daAuts
     D:6: 814 daAuts
     D:2: 726 daAuts
   Sewer: 479 daAuts
